 Dungeon Crawl Stone Soup version 0.21-a0-591-g2314aa1 (webtiles) character file.

85 Roak the Stinger (level 4, -4/33 HPs)
             Began as a Formicid Venom Mage on Dec 22, 2017.
             Slain by a hound (5 damage)
             ... on level 3 of the Dungeon.
             The game lasted 00:10:52 (2280 turns).

Roak the Stinger (Formicid Venom Mage)              Turns: 2280, Time: 00:10:53

Health: -4/33      AC:  2    Str: 14    XL:     4   Next: 75%
Magic:  6/8        EV: 12    Int: 14    God:
Gold:   61         SH:  0    Dex: 11    Spells: 5/8 levels left

rFire    . . .     SeeInvis +   d - +0 spear
rCold    . . .     Gourm    .   (no shield)
rNeg     . . .     Faith    .   a - +0 robe
rPois    .         Spirit   .   (helmet unavailable)
rElec    .         Reflect  .   (no cloak)
rCorr    .         Harm     .   (no gloves)
MR       .....                  (no boots)
Stlth    ++........             (no amulet)
HPRegen  0.11/turn              (no ring)
MPRegen  0.11/turn              (no ring)

@: no status effects
A: permanent stasis, dig shafts and tunnels, four strong arms, antennae 3
a: Dig, Shaft Self


You were on level 3 of the Dungeon.
You were not hungry.

You visited 1 branch of the dungeon, and saw 3 of its levels.

You collected 61 gold pieces.

Inventory:

Hand Weapons
 d - a +0 spear (weapon)
Missiles
 l - 14 stones (quivered)
Armour
 a - a +0 robe (worn)
Jewellery
 g - a cursed ring of loudness {unknown}
Scrolls
 e - 3 scrolls of fear {unknown}
 f - 2 scrolls of remove curse {unknown}
 h - a scroll of noise {unknown}
 j - a scroll of identify {unknown}
 k - a scroll of enchant armour {unknown}
 n - a scroll of teleportation {unknown}
Potions
 i - a potion of curing {unknown}
 m - a potion of agility {unknown}
Books
 b - a Young Poisoner's Handbook

   Spells                             Type                      Level
   a - Sting                          Conjuration/Poison           1
   b - Poisonous Vapours              Poison/Air                   2
   c - Mephitic Cloud                 Conjuration/Poison/Air       3
   d - Olgreb's Toxic Radiance        Poison                       4
   e - Venom Bolt                     Conjuration/Poison           5
Comestibles
 c - 5 rations


   Skills:
 * Level 2.1 Fighting
 * Level 1.1 Polearms
 + Level 1.0 Armour
 - Level 1.7 Dodging
 - Level 2.4 Stealth
 + Level 2.7 Spellcasting
 + Level 1.6 Conjurations
 + Level 0.4 Air Magic
 + Level 4.4 Poison Magic


You had 5 spell levels left.
You knew the following spells:

 Your Spells              Type           Power        Failure   Level  Hunger
a - Sting                 Conj/Pois      ##..         6%          1    #......
b - Poisonous Vapours     Pois/Air       #.....       12%         2    ###....


Dungeon Overview and Level Annotations

Branches:
Dungeon (3/15)

Altars:


Innate Abilities, Weirdness & Mutations

You cannot be hasted, slowed, berserked, paralysed or teleported.
You can dig through walls and to a lower floor.
Your four strong arms can wield two-handed weapons with a shield.
You have a pair of large antennae on your head. (SInv)


Message History

The hound is poisoned.
The hound bites you.
* * * LOW HITPOINT WARNING * * *
The hound looks even sicker.
The hound bites you.
* * * LOW HITPOINT WARNING * * *
The hound misses you. The hound bites you.
* * * LOW HITPOINT WARNING * * *
The hound bites you.
* * * LOW HITPOINT WARNING * * *
The hound barely misses you. The hound bites you.
* * * LOW HITPOINT WARNING * * *
You closely miss the hound.
The hound is heavily wounded.
The hound closely misses you. The hound bites you.
* * * LOW HITPOINT WARNING * * *
The hound looks more healthy.
The hound closely misses you. The hound bites you.
You die...

####.## #...... #..P.P.
####'## +.. ######### #g..
#..g...># +...
############h###.#.#########
.......<...@.#...#...##.#
##############.#####....#
#...#...#### #.#.#.#########
#.#.....g..†...
#.############# #. #. #.


You could see a hound and a gnoll.

Vanquished Creatures
  A hound (D:3)
  2 worms (D:2)
  2 dart slugs (D:1)
  6 bats
  2 giant cockroaches
  6 goblins
  3 hobgoblins
  4 jackals
  2 quokkas (D:2)
  4 frilled lizards
  3 kobolds
  10 rats
45 creatures vanquished.

Notes
Turn   | Place    | Note
-------+----------+-------------------------------------------
     0 | D:1      | Roak the Formicid Venom Mage began the quest for the Orb.
     0 | D:1      | Reached XP level 1. HP: 13/13 MP: 3/3
   223 | D:1      | Reached skill level 1 in Conjurations
   223 | D:1      | Reached XP level 2. HP: 20/20 MP: 0/5
   231 | D:1      | Learned a level 2 spell: Poisonous Vapours
   271 | D:1      | Reached skill level 1 in Fighting
   591 | D:1      | Reached XP level 3. HP: 17/26 MP: 3/6
  1630 | D:2      | Reached XP level 4. HP: 31/33 MP: 3/8
  2263 | D:3      | Reached skill level 1 in Polearms
  2263 | D:3      | Reached skill level 1 in Armour
  2275 | D:3      | HP: 1/33 [hound (1)]
  2280 | D:3      | Slain by a hound

Vault maps used:
D:1:      onia_arrival_handbag
D:2:      first_ration
D:3:      minmay_door_path, overflow_temple_1_default, minitemple,
          cheibrodos_gnoll_hut

Skill      XL: |  1  2  3  4 |
---------------+-------------+-----
Conjurations   | 1 |  1.6
Fighting       | 1 2 |  2.1
Polearms       | 1 |  1.1
Armour         | 1 |  1.0
Dodging        | |  1.7
Stealth        | |  2.4
Spellcasting   | |  2.7
Air Magic      | |  0.4
Poison Magic   | |  4.4

Action                   |  1- 3 |  4- 6 || total
-------------------------+-------+-------++-------
Melee: Unarmed           |    11 |       ||    11
       Club              |    33 |       ||    33
       Spear             |    31 |    26 ||    57
Throw: Stone             |     4 |       ||     4
 Cast: Sting             |    12 |       ||    12
       Poisonous Vapours |    17 |     6 ||    23
 Stab: Sleeping          |     3 |     1 ||     4
  Eat: Chunk             |     4 |     2 ||     6
Armor: Robe              |    13 |     2 ||    15
Dodge: Dodged            |    50 |    15 ||    65

Table legend:
 A = Spawn XP
 B = Non-spawn XP
 C = Spawn XP percentage of total XP
 D = Spawn monster count
 E = Non-spawn monster count
 F = Spawn count percentage of total count
 G = Total turns spent on level
                    A         B        C        D         E        F      G
               +---------+---------+-------+---------+---------+-------+---------
         Total |       0 |     122 |   0.0 |       0 |      45 |   0.0 |  2280
               +---------+---------+-------+---------+---------+-------+---------
           D:1 |       0 |      40 |   0.0 |       0 |      24 |   0.0 |  1243
           D:2 |       0 |      37 |   0.0 |       0 |      17 |   0.0 |   904
           D:3 |       0 |      45 |   0.0 |       0 |       4 |   0.0 |   133
               +---------+---------+-------+---------+---------+-------+---------
